 Dungeon Crawl Stone Soup version 0.29.1-13-g9f3cf754e1 (webtiles) character file.

Game seed: 5731024841484137207

482 sweetbreads the Digger (level 7, -9/40 HPs)
             Began as a Gargoyle Earth Elementalist on Jan 22, 2023.
             Mangled by a gnoll
             ... wielding a +0 halberd
             ... led by a gnoll bouda
              (10 damage)
             ... on level 5 of the Dungeon.
             The game lasted 00:12:08 (4380 turns).

sweetbreads the Digger (GrEE)                       Turns: 4380, Time: 00:12:09

Health: -9/40      AC:  6    Str: 11    XL:     7   Next: 12%
Magic:  2/19       EV: 12    Int: 18    God:
Gold:   245        SH:  0    Dex: 10    Spells: 6/10 levels left

rFire   . . .      SeeInvis .   a - +0 flail
rCold   . . .      Faith    .   (no shield)
rNeg    + . .      Spirit   .   c - +0 robe
rPois   ∞          Reflect  .   (no helmet)
rElec   +          Harm     .   (no cloak)
rCorr   .          Rampage  .   (no gloves)
Will    .....                   (no boots)
Stlth   ++........              (no amulet)
HPRegen 0.13/turn               k - ring of flight
MPRegen 0.16/turn               A - ring of magical power

@: flying
A: sickness immunity, AC +4, negative energy resistance 1, electricity
resistance, torment resistance 1, petrification resistance
a: no special abilities


You were on level 5 of the Dungeon.
You visited 2 branches of the dungeon, and saw 6 of its levels.

You collected 245 gold pieces.

Inventory:

Hand Weapons
 a - a +0 flail (weapon)
 m - a +0 short sword of electrocution
 r - a +0 club
Missiles
 v - 3 poisoned darts
Armour
 c - a +0 robe (worn)
Jewellery
 k - a ring of flight (left hand)
 u - a ring of see invisible
 A - a ring of magical power (right hand)
Scrolls
 d - 7 scrolls of identify {unknown}
 f - a scroll of poison {unknown}
 l - 4 scrolls of vulnerability {unknown}
 n - a scroll of amnesia {unknown}
 o - 2 scrolls of fear {unknown}
 p - a scroll of torment {unknown}
 q - 2 scrolls of blinking {unknown}
 t - a scroll of butterflies {unknown}
 w - a scroll of noise {unknown}
 y - a scroll of teleportation {unknown}
 B - a scroll of immolation {unknown}
Potions
 b - a potion of magic
 e - a potion of flight {unknown}
 g - a potion of berserk rage {unknown}
 h - 4 potions of heal wounds {unknown}
 i - a potion of curing {unknown}
 j - 2 potions of attraction {unknown}
 s - a potion of might {unknown}
 x - a potion of invisibility
 z - a potion of lignification {unknown}


   Skills:
 * Level 2.0 Fighting
 - Level 2.0 Dodging
 - Level 4.0 Stealth
 - Level 2.0 Spellcasting
 * Level 2.6 Conjurations
 - Level 1.0 Transmutations
 + Level 7.5 Earth Magic


You had 6 spell levels left.
You knew the following spells:

 Your Spells              Type           Power      Damage    Failure   Level
a - Sandblast             Erth           56%        2d13      1%          1
b - Stone Arrow           Conj/Erth      38%        3d9       7%          3

Your spell library contained the following spells:

 Spells                   Type           Power      Damage    Failure   Level
 Passwall                 Tmut/Erth      14%        N/A       4%          2
 Sting                    Tmut/Pois      12%        1d3       14%         1
 Lee's Rapid Deconstruct  Erth           14%        3d10*     22%         5
 Poisonous Vapours        Pois/Air       2%         N/A       26%         2
 Petrify                  Tmut/Erth      17%        N/A       30%         4
 Dazzling Flash           Conj/Hex       12%        N/A       32%         3
 Fulminant Prism          Conj/Hex       3%         3d6       71%         4
 Iskenderun's Mystic Bla  Conj/Tloc      6%         2d4       71%         4
 Olgreb's Toxic Radiance  Pois           1%         N/A       87%         4
 Irradiate                Conj/Tmut      4%         3d13      94%         5
 Agony                    Necr           1%         N/A       99%         5
 Silence                  Hex/Air        0%         N/A       99%         5
 Sublimation of Blood     Necr           Unusable   N/A       N/A         2

Dungeon Overview and Level Annotations

Branches:
Dungeon (5/15)             Temple (1/1) D:4

Altars:
Fedhas
Gozag
Hepliaklqana
Kikubaaqudgha
Nemelex Xobeh
Qazlal
Ru
Uskayaw
Xom
Yredelemnul
Zin
The Shining One

Shops:
D:5 :(


Innate Abilities, Weirdness & Mutations

You are immune to sickness and miasma.
Your stone body is resilient. (AC +4)
You are immune to poison.
You resist negative energy. (rN+)
You are resistant to electric shocks. (rElec)
You are resistant to unholy torment.
You are immune to petrification.


Message History

Casting: Sandblast (safe; 1% risk of failure)
Confirm with . or Enter, or press ? or * to list all spells.
Aiming: Sandblast (safe; 1% risk of failure)
Press: ? - help, Shift-Dir - straight line, f - gnoll
Aim: a gnoll, wielding a +0 spear (covering ground quickly, 85% to hit)
The blast of sand hits the gnoll!
You kill the gnoll!
Your Fighting skill increases to level 2!
Unknown command.
Casting: Sandblast (safe; 1% risk of failure)
Confirm with . or Enter, or press ? or * to list all spells.
Aiming: Sandblast (safe; 1% risk of failure)
Press: ? - help, Shift-Dir - straight line, f - kobold
Aim: a kobold, wielding a +0 club (79% to hit)
The blast of sand misses the kobold.
The blast of sand hits the kobold!
You kill the kobold!
The kobold closely misses you.
Unknown command.
Casting: Sandblast (safe; 1% risk of failure)
Confirm with . or Enter, or press ? or * to list all spells.
Aiming: Sandblast (safe; 1% risk of failure)
Press: ? - help, Shift-Dir - straight line, f/p - kobold
Aim: a kobold, wielding a +0 club (79% to hit)
The blast of sand hits the kobold!
You kill the kobold!
The hound bites you but does no damage.
Unknown command.
Casting: Sandblast (safe; 1% risk of failure)
Confirm with . or Enter, or press ? or * to list all spells.
Aiming: Sandblast (safe; 1% risk of failure)
Press: ? - help, Shift-Dir - straight line, f - hound
Aim: a hound (76% to hit)
The blast of sand hits the hound!
The hound is heavily wounded.
The hound misses you. Something hits you!
* * * LOW HITPOINT WARNING * * *
The hound bites you.
* * * LOW HITPOINT WARNING * * *
Something hits you!
You die...

.###.#..##.# #
#.#..##.# #
#.#.###.# #
#.####..##.##
# ..........##
# #.#####.###
# #.# #
#####.#######.
#
#.....@h)KK...
#
#.###.####....
# #.# . ## #.#
#. ... ## ###


You could see a hound and 2 kobolds.

Vanquished Creatures
  An ogre (D:2)
  A kobold brigand (D:5)
  A scorpion (D:5)
  A gnoll bouda (D:5)
  An orc priest (D:4)
  A jelly (D:5)
  4 adders
  4 gnolls
  A worm (D:4)
  2 dart slugs
  7 orcs
  13 ball pythons
  9 endoplasms
  A giant cockroach (D:2)
  12 goblins
  7 hobgoblins
  A jackal (D:2)
  7 quokkas
  8 bats
  4 frilled lizards
  8 kobolds
  7 rats
101 creatures vanquished.

Notes
Turn   | Place    | Note
-------+----------+-------------------------------------------
     0 | D:1      | sweetbreads the Gargoyle Earth Elementalist began the quest
                  | for the Orb.
     0 | D:1      | Reached XP level 1. HP: 10/10 MP: 3/3
   155 | D:1      | Reached XP level 2. HP: 15/15 MP: 1/5
   232 | D:1      | Reached skill level 1 in Transmutations
   232 | D:1      | Reached skill level 4 in Earth Magic
   296 | D:1      | Reached XP level 3. HP: 19/19 MP: 2/6
   300 | D:1      | Learned a level 3 spell: Stone Arrow
  1126 | D:2      | Noticed an ogre
  1132 | D:2      | Killed an ogre
  1133 | D:2      | Reached skill level 1 in Conjurations
  1133 | D:2      | Reached skill level 5 in Earth Magic
  1133 | D:2      | Reached XP level 4. HP: 24/24 MP: 1/7
  1133 | D:2      | Reached XP level 5. HP: 28/28 MP: 1/8
  1937 | D:2      | Reached skill level 6 in Earth Magic
  2394 | D:3      | Found a faded altar of an unknown god.
  2978 | D:3      | Found an opulent altar of Gozag.
  3030 | D:4      | Reached XP level 6. HP: 33/33 MP: 7/9
  3158 | D:3      | Found a stormy altar of Qazlal.
  3300 | D:4      | Reached skill level 1 in Fighting
  3315 | D:4      | Found a staircase to the Ecumenical Temple.
  3326 | Temple   | Entered the Ecumenical Temple
  3759 | D:4      | Found a glowing golden altar of the Shining One.
  4052 | D:5      | Entered Level 5 of the Dungeon
  4116 | D:5      | Found Pinamecw's Book Boutique.
  4123 | D:5      | Found Nixe's Antique Weapon Boutique.
  4367 | D:5      | Reached skill level 7 in Earth Magic
  4370 | D:5      | Reached XP level 7. HP: 33/39 MP: 10/10
  4380 | D:5      | HP: 1/40 [hound (2)]
  4380 | D:5      | Mangled by a gnoll

Illustrated notes

Levels and vault maps discovered:
D:1:      minmay_arrival_wavy_path, layout_loops_ring, minivault_4,
          minmay_misc_feat_encased, minmay_quantized
D:2:      layout_basic, grunt_ministairs_12, kennysheep_pointless_box,
          solitary_fountain, minmay_joined_circles
D:3:      layout_loops_ring, lemuel_crystal_altar,
          nicolae_qazlal_eye_of_the_storm,
          hellmonk_ecumenical_altar_pennies_from_heaven
D:4:      layout_cave_pools, nicolae_tso_swordbearing_angel,
          minmay_temple_entry_proselytizer
D:5:      layout_loops_ring, grunt_dithmenos_smoke_and_mirrors,
          makhleb_blood_cavern_becter, serial_shops, kennysheep_mini_moat,
          nicolae_shop_advertising_works [nicolae_subvault_shop_adworks],
          nicolae_shop_crystal, shop, shop_fountains
Temple:   compressed_dpeg_triangle_lava_temple

Skill      XL: |  1  2  3  4  5  6  7 |
---------------+----------------------+-----
Transmutations | 1 |  1.0
Earth Magic    | 4 5 6 7 |  7.5
Dodging        | 2 |  2.0
Stealth        | 3 4 |  4.0
Conjurations   | 1 2 |  2.6
Fighting       | 1 2 |  2.0
Spellcasting   | |  2.0

Action                   |  1- 3 |  4- 6 |  7- 9 || total
-------------------------+-------+-------+-------++-------
Melee: Club              |     6 |     6 |       ||    12
 Cast: Sandblast         |    41 |    81 |    11 ||   133
Armor: Robe              |     3 |     6 |     2 ||    11
Dodge: Dodged            |     9 |    22 |     7 ||    38
